AoeStats
← Checkmate++

Arabia

510389802Analyzed
2v2 RM · 15h ago on Sep 30, 2026· 39m 52s· 4 players
Game mode
Random Map
Map size
Medium (4 player)
Population
200
Speed
Normal
Resources
Standard
Victory
Conquest
Starting age
Dark Age
Ending age
Imperial Age
RankedLock teamsTeams togetherTeam positionsShared explorationLock speedFull tech treeHidden civsTurbo modeCheats
Victory
Defeat
🇿🇦 Varangians · South Africa
1162
+9
🇿🇦 Ethiopians · South Africa
835
+22
🇩🇪 Britons · Germany
993
-16
🇩🇪 Italians · Germany
986
-15
GorbGorb
8:13 Loom
10:15 Feudal Age
11:24 Double-Bit Axe
11:22 Horse Collar
17:02 Fletching
20:28 Town Watch
20:58 Arson
24:27 Castle Age
25:13 Padded Archer Armor
25:06 Pikeman
25:52 Elite Skirmisher
26:00 Light Cavalry
27:20 Leather Archer Armor
27:28 Bloodlines
32:03 Bow Saw
34:34 Wheelbarrow
34:25 Bodkin Arrow
35:00 Town Patrol
Pyrox
5:59 Loom
9:31 Feudal Age
10:20 Double-Bit Axe
14:28 Town Watch
15:51 Fletching
17:18 Wheelbarrow
25:26 Castle Age
25:33 Padded Archer Armor
25:59 Horse Collar
26:29 Gold Mining
26:31 Stone Mining
26:17 Crossbowman
27:04 Bodkin Arrow
30:48 Gold Shaft Mining
30:36 Bow Saw
31:32 Squires
33:04 Leather Archer Armor
32:12 Pikeman
34:12 Scale Mail Armor
34:26 Forging
36:33 Ballistics
Marcus Aurelius
11:19 Feudal Age
12:23 Loom
15:29 Fletching
15:39 Padded Archer Armor
15:49 Double-Bit Axe
24:58 Castle Age
25:49 Thumb Ring
25:10 Crossbowman
26:36 Bodkin Arrow
29:37 Bow Saw
39:57 Imperial Age
Checkmate++
6:55 Loom
9:38 Feudal Age
10:20 Double-Bit Axe
13:17 Bloodlines
15:50 Town Watch
17:11 Scale Barding Armor
21:56 Castle Age
27:50 Bow Saw
27:36 Stone Mining
27:39 Gold Mining
30:12 Husbandry
32:24 Wheelbarrow
34:03 Hand Cart
35:05 Chain Barding Armor
34:57 Forging
35:55 Scale Mail Armor
35:59 Squires
35:44 Gambesons
Connection lost

Rejoining the realm…

Still unreachable

The connection could not be restored.

Session expired

The server has moved on; the page needs a fresh start.